[Event "Late-Titled-Tuesday-Blitz-November-28-2023"]
[Site "Chess.com"]
[Date "2023.11.28"]
[Round "11"]
[White "TheMagician"]
[Black "liwadas82"]
[Result "0-1"]
[WhiteElo "2275"]
[BlackElo "2372"]
[TimeControl "180+1"]
[EndTime "16:02:49 PST"]
[Termination "liwadas82 won on time"]

1. d4 Nf6 2. Nf3 e6 3. g3 b6 4.
Bg2 Bb7 5. O-O Be7 6. c4 O-O 7. Nc3 Na6 8. Bg5 h6 9. Bf4 c5 10. dxc5 bxc5 11. Bd6 Bxd6 12. Qxd6 Ne8 13. Qd2 d5 14.
cxd5 exd5 15. Qc2 Nf6 16. a3 Qe7 17. e3 Rad8 18. Rfe1 Ne4 19. Nxe4 dxe4 20. Nd2 f5 21. Nc4 Kh7 22. Rad1 Nc7 23. Rxd8 Rxd8 24. Rd1 Ne6 25. Rxd8 Qxd8 26. g4 g6 27. gxf5 gxf5 28. Qc3 Qd1+ 29. Bf1 Qg4+ 30. Bg2 Ng5 31. Qc1 Ba6 32. b3 Nf3+ 33. Kh1 Qh5 34. h3 Ng5 35. Kh2 Qe2 36. Kg1 Nf3+ 37. Bxf3 Qxf3 38. Qd2 Bxc4 39. Qd7+ Kg6 40.
bxc4 Qxh3 41. Qd6+ Kg5 42. Qe7+ Kh5 43. Qxc5 Qg4+ 44.
Kh2 Qh4+ 45. Kg1 Qg4+ 46. Kh2 Qf3 47. Kg1 Kg4 48. Qf8 Qd1+ 49. Kg2 Qf3+ 50. Kg1 Qh3 0-1

[Event "Late-Titled-Tuesday-Blitz-November-28-2023"]
[Site "Chess.com"]
[Date "2023.11.28"]
[Round "11"]
[White "Yushko_Olga"]
[Black "GMJustin"]
[Result "1-0"]
[WhiteElo "2167"]
[BlackElo "2298"]
[TimeControl "180+1"]
[EndTime "16:02:51 PST"]
[Termination "Yushko_Olga won on time"]

1. d4 Nf6 2. c4 g6 3. Nc3 Bg7 4. Nf3 O-O 5. Bg5 c5 6. e3 cxd4 7. exd4 d5 8. Be2 dxc4 9. Bxc4 Nc6 10. O-O Bg4 11. d5 Ne5 12. Be2 Bxf3 13. Bxf3 Qb6 14.
Rb1 Rfd8 15. Qe2 Nxf3+ 16. Qxf3 Rac8 17. h3 Rd7 18. Rfd1 Qd8 19. Qe3 Nxd5 20. Nxd5 Rxd5 21.
Rxd5 Qxd5 22. Qxe7 Qxa2 23. Re1 Qxb2 24. Qd7 Qc3 25.
Rc1 Qxc1+ 26. Bxc1 Rxc1+ 27. Kh2 Bf8 28. Qxb7 Ra1 29. Qb2 Ra3 30. f4 a5 31. f5 gxf5 32. Qf6 Bb4 33. Qg5+ Kf8 34. Qxf5 Rc3 35. Qf6 Rc5 36.
Qd8+ Kg7 37. Qd4+ Kg8 38. h4 Rc3 39. h5 h6 40. Qf6 Rc5 41. Qxh6 Rd5 42. Qc6 Bd6+ 43.
Kh3 Rd3+ 44. Kh4 Rd4+ 45. g4 a4 46. Qe8+ Kg7 47. Kg5 Rd5+ 48. Kh4 a3 49. Qe3 Re5 50.
h6+ Kg6 51. Qd3+ Kxh6 52. Qxd6+ 1-0

[Event "Late-Titled-Tuesday-Blitz-November-28-2023"]
[Site "Chess.com"]
[Date "2023.11.28"]
[Round "11"]
[White "MKlose11"]
[Black "andrzej"]
[Result "1/2-1/2"]
[WhiteElo "2608"]
[BlackElo "2493"]
[TimeControl "180+1"]
[EndTime "16:02:54 PST"]
[Termination "Game drawn by repetition"]

1. e4 e5 2. Nf3 Nf6 3. d4 Nxe4 4. Bd3 d5 5. Nxe5 Bd6 6. O-O O-O 7. c4 c5 8. cxd5 Nf6 9. Bg5 cxd4 10. Nc4 Be7 11.
d6 Bxd6 12. Nxd6 Qxd6 13. Qf3 Nbd7 14. Nd2 Ne5 15. Qg3 Nh5 16. Qh4 Nxd3 17. Qxh5 Nxb2 18.
Rfe1 Qg6 19. Qxg6 fxg6 20. Be7 Nd3 21. Bxf8 Nxe1 22. Bxg7 Nc2 23. Rc1 Bf5 24. Be5 Re8 25. f4 d3 26. Kf2 b5 27. h3 h5 28. Rg1 Nb4 29. g4 hxg4 30. hxg4 Bc8 31. Ke3 Nxa2 32.
Ne4 Rd8 33. Rh1 Kf7 34. Ng5+ Ke8 35. Rh7 Bxg4 36. Ne4 d2 37. Nxd2 Bf5 38. Nb3 Rd3+ 39. Ke2 Rxb3 40. Rxa7 Nc1+ 41. Kd2 Nd3 42. Bd6 Nb4 43. Be5 Nc6 44. Ra8+ Kd7 45. Bg7 Rb4 46. Ke3 Re4+ 47. Kf3 Re8 48. Ra6 Nb4 49. Rb6 Nd5 50.
Rxb5 Kc6 51. Rb2 Re3+ 52. Kf2 Ra3 53. Be5 Kd7 54. Rb7+ Kc6 55. Rb2 Ra4 56. Kg3 Ra3+ 57. Kf2 1/2-1/2

[Event "Late-Titled-Tuesday-Blitz-November-28-2023"]
[Site "Chess.com"]
[Date "2023.11.28"]
[Round "11"]
[White "NateSolon"]
[Black "JSPrepz"]
[Result "0-1"]
[WhiteElo "2687"]
[BlackElo "2892"]
[TimeControl "180+1"]
[EndTime "16:02:55 PST"]
[Termination "JSPrepz won on time"]

1. d4 Nf6 2. Bf4 Nh5 3. Bd2 d5 4. c4 e6 5. Nc3 Be7 6. e4 Nf6 7.
cxd5 exd5 8. e5 Ne4 9. Bd3 Nxd2 10. Qxd2 c5 11. dxc5 Nc6 12. Nf3 Bg4 13. Be2 d4 14.
Ne4 Bxf3 15. gxf3 Nxe5 16. Bb5+ Kf8 17. O-O-O Nxf3 18. Qf4 Ng5 19. Bc4 b5 20. Bb3 a5 21.
Kb1 Qb8 22. Nd6 Bf6 23. h4 Ne6 24. Bxe6 fxe6 25. Qe4 Ra7 26. Qxe6 Re7 27. Qd5 g6 28. Rhe1 Qc7 29. Nxb5 Qb8 30. Nd6 d3 31. b3 Qc7 32.
Rxe7 Qxe7 33. Qa8+ Kg7 34. Qb7 Bxh4 35. Rxd3 Rf8 36.
Qxe7+ Bxe7 37. Ne4 Rf4 38. f3 h5 39. c6 Rf8 40. Rd7 Kf7 41. Ra7 Ke6 42. Rxa5 h4 43. Ng5+ Kd6 44. c7 h3 45. Nxh3 Kxc7 46. Ra7+ Kd6 47.
Nf2 Rxf3 48. Ne4+ Ke6 49. Kc2 g5 50. Ra6+ Ke5 51. Nd2 Rf2 52. Ra5+ Ke6 53. Ra6+ Kf7 54. b4 Bxb4 55. Ra7+ Kg6 56. Rd7 g4 57. Kd1 g3 58.
Ne4 Rf1+ 59. Ke2 g2 0-1

[Event "Late-Titled-Tuesday-Blitz-November-28-2023"]
[Site "Chess.com"]
[Date "2023.11.28"]
[Round "11"]
[White "karinachess1"]
[Black "cthulhuuu"]
[Result "1-0"]
[WhiteElo "2627"]
[BlackElo "2506"]
[TimeControl "180+1"]
[EndTime "16:02:56 PST"]
[Termination "karinachess1 won on time"]

1. d4 Nf6 2. c4 e5 3. dxe5 Ng4 4.
Nf3 Bc5 5. e3 Nc6 6. Be2 O-O 7.
O-O Re8 8. b3 a5 9. Bb2 Ncxe5 10. Nbd2 Ra6 11. h3 Nxf3+ 12. Nxf3 Nf6 13. Bd3 Ne4 14. Qc2 f5 15. Rad1 Rg6 16. Kh1 d6 17. Bd4 b6 18. Rg1 Bb7 19. Rdf1 Bxd4 20. exd4 Ng5 21.
Nxg5 Qxg5 22. d5 Bc8 23. f4 Qg3 24. Rf3 Qh4 25. Bxf5 Bxf5 26. Qxf5 Rf8 27. Qe4 Rgf6 28. Rgf1 g5 29. Qe7 Rxf4 30. Rxf4 Rxf4 31. Qd8+ Kg7 32.
Qxc7+ Kg8 33. Qd8+ Kg7 34. Qe7+ Kg8 35. Qe8+ Kg7 36.
Re1 Rf7 37. Re7 Rxe7 38. Qxe7+ Kg8 39. Qxd6 Qf2 40. Kh2 h5 41. Qg3 Qf6 42. Qb8+ Kh7 43. Qc7+ Kg8 44. Qc8+ Kh7 45. Qb8 h4 46. Qc7+ Kg8 47.
a3 Qb2 48. Qd8+ Kh7 49. Qxg5 Qxb3 50. Qxh4+ Kg6 51. Qd4 Qxa3 52. d6 Qa4 53. d7 Qxd7 54. Qxd7 1-0

[Event "Late-Titled-Tuesday-Blitz-November-28-2023"]
[Site "Chess.com"]
[Date "2023.11.28"]
[Round "11"]
[White "kleber2007"]
[Black "Hirna2005"]
[Result "1-0"]
[WhiteElo "2397"]
[BlackElo "2340"]
[TimeControl "180+1"]
[EndTime "16:02:58 PST"]
[Termination "kleber2007 won by resignation"]

1. Nf3 g6 2. d4 Bg7 3. e4 d6 4.
c3 Nf6 5. Bd3 O-O 6. O-O b6 7. a4 Bb7 8. a5 a6 9. axb6 cxb6 10. Re1 Nbd7 11. Nbd2 e5 12. Nc4 Qc7 13. Qe2 Rfe8 14. d5 Nc5 15. Bc2 a5 16. Nfd2 Ba6 17. f3 Nh5 18. b3 Nf4 19. Qf1 Bh6 20. g3 Nh5 21. Nb1 Bg7 22. Be3 Rac8 23. Qf2 Bxc4 24.
bxc4 Nd7 25. Na3 Rb8 26. Ba4 Rec8 27. Bc6 Nc5 28. Nb5 Qe7 29. Bxc5 dxc5 30. d6 Qe6 31.
Bd5 Qf6 32. Red1 Rd8 33. Kg2 Qg5 34. Kh1 Bh6 35. Rd3 Bf8 36. Rf1 Kg7 37. f4 exf4 38. gxf4 Qg4 39. e5 f6 40. Qf3 Qh4 41. f5 fxe5 42.
fxg6 hxg6 43. Be6 Nf4 44. Bg4 Qg5 45. Rd2 Rb7 46. d7 Be7 47. Rdd1 Bf6 48. Rg1 Rh8 49. Rd2 Nh3 50. Qxb7 Qxd2 51. d8=Q+ Kh6 52. Qxd2+ Bg5 53. Qdg2 Nf4 54. Qgf3 Rf8 55. Nd6 e4 56. Nxe4 Ne6 57. Nxg5 Rxf3 58. Nxf3 Nf4 59. Qc7 Ne2 60. Kg2 Nf4+ 61. Qxf4+ 1-0

[Event "Late-Titled-Tuesday-Blitz-November-28-2023"]
[Site "Chess.com"]
[Date "2023.11.28"]
[Round "11"]
[White "Korchmar_Vasiliy"]
[Black "K_A_S_T_O_R"]
[Result "0-1"]
[WhiteElo "2731"]
[BlackElo "2906"]
[TimeControl "180+1"]
[EndTime "16:03:03 PST"]
[Termination "K_A_S_T_O_R won on time"]

1. e4 c5 2. d4 cxd4 3. Qxd4 Nc6 4. Qd3 g6 5. Nc3 Bg7 6. Nf3 d6 7. Be2 Nf6 8. O-O Bg4 9. Nd5 Nd7 10. c3 O-O 11. Bg5 h6 12. Bh4 Bxf3 13. Qxf3 Nde5 14. Qe3 g5 15. Bg3 e6 16. Nb4 Nxb4 17. cxb4 Ng6 18.
Rad1 Be5 19. Bh5 Nf4 20. Bf3 Qf6 21. b3 Rfc8 22. Rd2 Rc3 23. Qe1 Rac8 24. Qd1 b6 25. Be2 Nxe2+ 26. Qxe2 Kh7 27. Rfd1 Rc1 28. Qh5 Kg7 29. Qg4 Qg6 30. Bxe5+ dxe5 31. h3 Qf6 32. g3 R8c2 33. Kg2 Rc3 34. Qe2 Rxd1 35. Qxd1 Qg6 36. Qe2 Rc7 37. a4 h5 38. a5 Rc3 39. a6 Rxb3 40. Rd7 Rxb4 41. Rxa7 Rxe4 42. Qf3 Ra4 43. Ra8 g4 44. hxg4 hxg4 45. Qe3 Qe4+ 46. Qxe4 Rxe4 47. Rb8 Ra4 48. Rxb6 Kg6 49. Kf1 Kf5 50.
Ke2 f6 51. Rc6 e4 52. Rb6 Ke5 53.
Rb5+ Kd4 54. Rb6 Kd5 55. Ke3 Ra3+ 56. Ke2 f5 57. Ke1 e5 58. Ke2 f4 0-1

[Event "Late-Titled-Tuesday-Blitz-November-28-2023"]
[Site "Chess.com"]
[Date "2023.11.28"]
[Round "11"]
[White "Heinza9"]
[Black "Goffredo_Fofi"]
[Result "0-1"]
[WhiteElo "2340"]
[BlackElo "2509"]
[TimeControl "180+1"]
[EndTime "16:03:03 PST"]
[Termination "Goffredo_Fofi won on time"]

1. e4 c5 2. Nf3 d6 3. Bb5+ Bd7 4. Bxd7+ Qxd7 5. O-O Nc6 6. c3 Nf6 7. Re1 e6 8. d4 cxd4 9. cxd4 d5 10. e5 Ne4 11. Nbd2 Nxd2 12. Bxd2 Be7 13. Rc1 Rc8 14.
a3 h6 15. h4 O-O 16. Qe2 Rc7 17. Qd3 Rfc8 18. Bc3 b6 19. Nh2 Bxh4 20. Ng4 Bg5 21. Rcd1 Ne7 22. g3 Nf5 23. f4 Be7 24. Re2 Qa4 25.
Rf1 Qb3 26. Nf2 Bxa3 27. g4 Rxc3 28. bxc3 Rxc3 29. Qd1 Rg3+ 30. Kh2 Qf3 31. Rg1 Qxf4 32. Rxg3 Qxg3+ 33. Kh1 Nh4 34. Qf1 Qf3+ 35. Kh2 Bc1 36. Kg1 Be3 37. Rxe3 Qxe3 38. Qa1 Nf3+ 39. Kg2 Nxd4 40.
Qxa7 Qxe5 41. Qxb6 Qf4 42. Qd8+ Kh7 43. Qa5 Qf3+ 44.
Kf1 Qf4 45. Kg2 g6 46. Qc3 Ne2 47. Qd3 Nc1 48. Qc2 d4 49. Ne4 d3 50. Qc6 Ne2 51.
Qb7 Qxg4+ 52. Kf2 Qf4+ 53. Ke1 g5 54. Nf6+ Qxf6 55. Kd2 Nf4 56. Qe4+ Qf5 57. Qc6 Nh3 58. Qd7 Nf2 0-1

[Event "Late-Titled-Tuesday-Blitz-November-28-2023"]
[Site "Chess.com"]
[Date "2023.11.28"]
[Round "11"]
[White "temiksmozg"]
[Black "krzyzan94"]
[Result "1/2-1/2"]
[WhiteElo "2605"]
[BlackElo "2728"]
[TimeControl "180+1"]
[EndTime "16:03:05 PST"]
[Termination "Game drawn - insufficient material"]

1. e4 c5 2. Nf3 d6 3. d4 cxd4 4. Nxd4 Nf6 5. Nc3 a6 6. Be2 e5 7. Nb3 Be7 8. Be3 Be6 9. Nd5 Bxd5 10. exd5 Nbd7 11. c4 O-O 12. O-O a5 13. a4 b6 14.
Qd2 Ne8 15. Rae1 Nc5 16. Nxc5 bxc5 17. Bd3 f5 18. f3 Rb8 19. Kh1 g6 20. g4 Ng7 21. Bh6 Bh4 22. Re2 fxg4 23. f4 Rf7 24. Rg2 Nf5 25. fxe5 dxe5 26. Rxg4 Nxh6 27. Qxh6 Rxf1+ 28. Bxf1 Qf6 29. Qxh4 Qxf1+ 30. Rg1 Qf3+ 31. Rg2 e4 32. Qg3 Rb4 33. Qxf3 exf3 34. Rd2 Kf7 35. Kg1 Rxc4 36. Rd3 Ke7 37. b3 Rf4 38. d6+ Kd7 39.
Kf2 g5 40. Rd5 g4 41. Rxc5 Kxd6 42. Rxa5 Rd4 43. Rg5 Rd2+ 44. Kf1 Rg2 45. a5 Kc6 46. b4 Rxh2 47. Rxg4 Kb5 48. Rf4 h5 49. Rxf3 Kxb4 50.
a6 Ra2 51. Rf6 Kc4 52. Rh6 Kd3 53. Rxh5 Ke3 54. Rh3+ Kf4 55. Rh6 Kf3 56. Rf6+ Ke4 57.
Ke1 Kd5 58. Kd1 Kc5 59. Rh6 Kb5 60. Rg6 Ra1+ 61. Kc2 Rxa6 62. Rxa6 Kxa6 1/2-1/2

[Event "Late-Titled-Tuesday-Blitz-November-28-2023"]
[Site "Chess.com"]
[Date "2023.11.28"]
[Round "11"]
[White "mbojan"]
[Black "djano"]
[Result "1-0"]
[WhiteElo "2866"]
[BlackElo "2612"]
[TimeControl "180+1"]
[EndTime "16:03:07 PST"]
[Termination "mbojan won on time"]

1. a3 e5 2. e4 Nf6 3. Nc3 Bc5 4. Nf3 d6 5. Bc4 O-O 6. h3 c6 7. d3 Be6 8. Bxe6 fxe6 9. Ne2 Nbd7 10. Ng3 Qe8 11. O-O Nh5 12. Kh2 Nf4 13. c3 Rd8 14. d4 Bb6 15. Bxf4 exf4 16. Ne2 Qg6 17. Qb1 e5 18.
Neg1 Rde8 19. Re1 Re7 20. Qc2 Qf6 21. Rad1 Rd8 22. d5 Nf8 23. Kh1 g5 24. Nh2 h5 25.
Qe2 Qg6 26. b4 Kg7 27. dxc6 bxc6 28. Ngf3 Ne6 29. c4 Bd4 30. c5 Red7 31. cxd6 Rxd6 32. Rc1 Qf6 33. Kg1 Bb6 34. Rc2 c5 35. bxc5 Bxc5 36. a4 Bb6 37. Rb1 R8d7 38. Ra2 Nd4 39.
Nxd4 Rxd4 40. Nf3 Rd3 41. Nh2 Qe6 42. a5 Bc5 43. Rc2 Qd6 44. Nf1 Bd4 45. Qxh5 Qg6 46.
Qg4 Re7 47. Qe2 Ra3 48. a6 f3 49. gxf3 Ra4 50. Kg2 Qf6 51. Ng3 Rf7 52. Nf5+ Kg6 53.
Rb7 Ra3 54. Rxf7 Qxf7 55. Rc6+ Kh7 56. Rh6+ Kg8 57. Qb5 g4 58. hxg4 Ra2 59. Rg6+ Kh7 60. Rh6+ Kg8 61. Rg6+ Kh7 62. Rg7+ Qxg7 63. Nxg7 Rxf2+ 64. Kg3 Kxg7 65. Qd7+ Kf6 66. Qxd4 1-0

[Event "Late-Titled-Tuesday-Blitz-November-28-2023"]
[Site "Chess.com"]
[Date "2023.11.28"]
[Round "11"]
[White "Hrant_ChessMood"]
[Black "CSB7"]
[Result "1-0"]
[WhiteElo "2924"]
[BlackElo "2689"]
[TimeControl "180+1"]
[EndTime "16:03:08 PST"]
[Termination "Hrant_ChessMood won by resignation"]

1. e4 e5 2. Nf3 Nc6 3. Bc4 Bc5 4. d3 Nf6 5. O-O O-O 6. h3 Re8 7. a4 h6 8. a5 d5 9. exd5 Nxd5 10. c3 Be6 11. b4 Bd6 12. Qb3 Nf6 13. Nbd2 a6 14. Ne4 Nxe4 15. dxe4 Qf6 16. Bxe6 Qxe6 17. Qxe6 Rxe6 18.
Be3 f6 19. Nd2 Kf7 20. Nb3 Rd8 21. Bc5 Ree8 22. Rfd1 Ke7 23. Rd5 Nb8 24. Rad1 Bxc5 25. Nxc5 Rxd5 26. exd5 b6 27. axb6 cxb6 28. Na4 Nd7 29.
c4 b5 30. d6+ Ke6 31. Nc5+ Nxc5 32. bxc5 Kd7 33. Ra1 Rc8 34. Rxa6 Rxc5 35. cxb5 Rxb5 36. Ra7+ Kxd6 37. Rxg7 Ke6 38. Rh7 Rb1+ 39. Kh2 Rb2 40. f3 e4 41. fxe4 Re2 42. Rxh6 Rxe4 43. g4 Kf7 44.
Kg3 Kg7 45. Rh5 Re3+ 46. Kh4 Ra3 47. Rb5 Kg6 48. Rb6 Rc3 49. Rb4 Rd3 50. Rf4 Rc3 51.
Rf1 Rd3 52. Rg1 Rc3 53. Rg3 Rc1 54. Rf3 Rg1 55. Rf2 Rh1 56. Kg3 Rg1+ 57. Kh2 Ra1 58.
h4 Ra3 59. Kg2 Rb3 60. Rf3 Rb2+ 61. Kg3 Rb4 62. h5+ Kg7 63. Ra3 Kh6 64. Ra6 Kg5 65.
Ra5+ Kh6 66. Ra8 Rb1 67. Rg8 Kh7 68. Rg6 Rb6 69. Kf4 Ra6 70. Kf5 Ra5+ 71. Kxf6 Ra6+ 72. Kg5 Ra5+ 73. Kh4 Ra1 74. Rb6 Ra5 75. Rb7+ Kh6 76. g5+ Rxg5 77. Rb6+ Kh7 78. Kxg5 1-0

[Event "Late-Titled-Tuesday-Blitz-November-28-2023"]
[Site "Chess.com"]
[Date "2023.11.28"]
[Round "11"]
[White "FontVella8"]
[Black "Meri-Arabidze"]
[Result "0-1"]
[WhiteElo "2580"]
[BlackElo "2689"]
[TimeControl "180+1"]
[EndTime "16:03:14 PST"]
[Termination "Meri-Arabidze won by resignation"]

1. e4 c5 2. Nf3 e6 3. d4 cxd4 4.
Nxd4 Nc6 5. Nc3 a6 6. Be3 Qc7 7. a3 b5 8. Nxc6 Qxc6 9. Be2 Bb7 10. O-O Rc8 11. Qd3 Nf6 12. Rfd1 Be7 13. Bf3 e5 14.
Rd2 h6 15. Rad1 O-O 16. Qe2 d6 17. h4 Qc4 18. Qxc4 Rxc4 19. Be2 Rxc3 20. bxc3 Nxe4 21. Rd3 Rc8 22. Bf3 f5 23. Bb6 Rc4 24. Ba5 d5 25.
Bxe4 Rxe4 26. g3 Bc5 27. Bb4 Bb6 28. Kf1 Kf7 29. Re1 Ke6 30. Bf8 Kf7 31. Bd6 Kf6 32.
f3 Rxe1+ 33. Kxe1 g6 34. f4 e4 35. Be5+ Ke6 36. Rd2 Bc5 37. Bg7 h5 38. Rd1 Bxa3 39. Bd4 Bd6 40. Ra1 Kd7 41. Kf2 Kc6 42. Ke3 Bc7 43. Be5 Bb6+ 44. Bd4 Bd8 45. Kd2 a5 46. Kc1 a4 47. Kb2 Ba5 48. Rd1 b4 49. cxb4 Bxb4 50.
Bc3 Bxc3+ 51. Kxc3 Kc5 52. Rd4 Bc6 53. Rb4 Bb5 54.
Rd4 Bc4 55. Rd1 a3 56. Ra1 d4+ 57. Kd2 a2 58. c3 Kd5 59. cxd4 Kxd4 60. Kc2 e3 61.
Rd1+ Ke4 62. Kc3 e2 63. Re1 Bb5 64. Kb3 Ke3 65. Kxa2 Kf2 66. Rb1 e1=Q 67. Rxe1 Kxe1 0-1

[Event "Late-Titled-Tuesday-Blitz-November-28-2023"]
[Site "Chess.com"]
[Date "2023.11.28"]
[Round "11"]
[White "HajiyevKanan"]
[Black "Sulthankan"]
[Result "0-1"]
[WhiteElo "2473"]
[BlackElo "2394"]
[TimeControl "180+1"]
[EndTime "16:03:18 PST"]
[Termination "Sulthankan won by resignation"]

1. d4 Nf6 2. Nf3 g6 3. c4 Bg7 4. g3 O-O 5. Bg2 d5 6. O-O Nc6 7. cxd5 Nxd5 8. e4 Nb6 9. d5 Na5 10. Nc3 c6 11. Re1 Bg4 12. h3 Bxf3 13. Bxf3 Re8 14. h4 Rc8 15. h5 cxd5 16. exd5 Nac4 17. Kg2 Nxb2 18. Bxb2 Bxc3 19. Bxc3 Rxc3 20. Qd2 Rxf3 21. Kxf3 Qxd5+ 22. Qxd5 Nxd5 23. Rab1 b6 24. a4 a5 25.
Rbd1 Rd8 26. Rxe7 Rd6 27. h6 Kf8 28. Rb7 g5 29. Rd4 Ke8 30. g4 Rf6+ 31. Kg3 Nf4 32. Re4+ Kd8 33. Rbe7 Rxh6 34. Re8+ Kd7 35. R4e7+ Kd6 36.
Kf3 Rf6 37. Ke4 Re6+ 38. Rxe6+ Nxe6 39. Rh8 Nc5+ 40. Kd4 Nxa4 41. Rxh7 Ke6 42. Rh6+ f6 43. Rh8 Nc5 44. Rb8 Nd7 45. Re8+ Kd6 46. Rd8 b5 47. Rh8 Ne5 48. Rd8+ Kc7 49. Rf8 Nxg4 50. Ke4 Nxf2+ 51. Kd5 Ng4 52. Kc5 b4 53. Kc4 Kd6 54. Kb5 b3 55. Kxa5 Ke5 56. Rb8 Ne3 57. Rxb3 Kf4 58. Rb4+ Kf3 59. Rb6 f5 60. Kb5 g4 61. Kc5 g3 62. Kd4 g2 63. Rg6 Ng4 64. Rf6 Kf4 65.
Rg6 g1=Q+ 66. Kd5 Qd1+ 67. Ke6 Qe2+ 68. Kf7 Ne5+ 69. Kf6 Nxg6 70. Kxg6 Qa2 71. Kf6 Ke4 72. Kg6 f4 0-1

[Event "Late-Titled-Tuesday-Blitz-November-28-2023"]
[Site "Chess.com"]
[Date "2023.11.28"]
[Round "11"]
[White "NigelDwarf"]
[Black "Fortitudine"]
[Result "0-1"]
[WhiteElo "2530"]
[BlackElo "2413"]
[TimeControl "180+1"]
[EndTime "16:03:21 PST"]
[Termination "Fortitudine won by resignation"]

1. e4 c5 2. d4 cxd4 3. c3 d3 4. Bxd3 Nc6 5. Ne2 d6 6. O-O g6 7.
c4 Bd7 8. Nbc3 Rc8 9. b3 Bg7 10. Bb2 Nf6 11. f3 O-O 12. Qd2 a6 13. Rac1 Ne5 14. Bb1 b5 15. cxb5 axb5 16. f4 Neg4 17.
h3 Qb6+ 18. Qd4 Qxd4+ 19. Nxd4 b4 20. hxg4 bxc3 21. Rxc3 Rxc3 22. Bxc3 Nxg4 23. Rc1 Rc8 24. Ne2 Bh6 25. g3 Bb5 26. Bd4 Ra8 27. Nc3 Bd7 28. Nd5 e5 29. Bb2 Be6 30. Nc7 Rb8 31. Nxe6 fxe6 32. Rc6 exf4 33. Rxd6 f3 34. Bd4 Rc8 35.
Bd3 Rc1+ 36. Bf1 Be3+ 37. Bxe3 Nxe3 38. Kf2 Nxf1 39. Kxf3 Rc2 40. a4 Nd2+ 41. Kf4 Nxb3 42. Rxe6 Kf7 43. Ra6 Nd4 44. Ke5 Nf3+ 45. Kf4 Nd2 46.
Ra7+ Kf6 47. e5+ Ke6 48. Rxh7 Rc4+ 49. Kg5 Ne4+ 50. Kxg6 Nxg3 51. a5 Ra4 52. Ra7 Kxe5 53. a6 Ne4 54. Kf7 Nd6+ 55. Kf8 Nb5 56. Ra8 Nc7 57.
Ra7 Kd6 58. Rb7 Rxa6 59. Kg7 Kc6 60. Rb8 Ra7 61. Kh6 Nd5 62. Kg5 Rc7 63. Rd8 Re7 64. Rh8 Kd6 65. Rh6+ Ke5 66. Rg6 Ne3 67. Rg8 Nf5 68.
Rg6 Rh7 69. Kg4 Ne3+ 70. Kg3 Rh5 71. Rg4 Nxg4 72. Kxg4 Rf5 0-1

[Event "Late-Titled-Tuesday-Blitz-November-28-2023"]
[Site "Chess.com"]
[Date "2023.11.28"]
[Round "11"]
[White "Aradhya2000"]
[Black "FaustinoOro"]
[Result "1/2-1/2"]
[WhiteElo "2737"]
[BlackElo "2830"]
[TimeControl "180+1"]
[EndTime "16:03:22 PST"]
[Termination "Game drawn by repetition"]

1. d4 Nf6 2. c4 e6 3. Nf3 d5 4. Nc3 Bb4 5. Bg5 O-O 6. e3 h6 7. Bh4 c6 8. Bd3 Nbd7 9. O-O Be7 10. Qc2 b6 11. h3 Bb7 12. Bg3 c5 13. cxd5 Nxd5 14.
Nxd5 Bxd5 15. e4 Bb7 16. d5 exd5 17. exd5 Bxd5 18. Rfd1 Bc6 19. Bf5 Qe8 20. Re1 Nf6 21. Bd6 Nd5 22. Rad1 Bxd6 23. Rxe8 Rfxe8 24. a3 Rad8 25. Nd4 Bb7 26. Nb5 Bb8 27. Be4 a6 28. Bxd5 Bxd5 29. Nc3 Bc6 30. f3 Be5 31. Rxd8 Rxd8 32.
Qe2 Bd4+ 33. Kh2 b5 34. Qe7 Re8 35. Qa7 Re1 36. Kg3 Be5+ 37. Kf2 Rc1 38. Qxc5 Rc2+ 39.
Kf1 Bxc3 40. Qxc6 Rc1+ 41. Ke2 Bxb2 42. Qxa6 Rc5 43. Kd2 Bf6 44. g3 h5 45. h4 Rd5+ 46. Ke2 Kh7 47. Qa5 g6 48. a4 Re5+ 49. Kf1 bxa4 50. Qxa4 Kg7 51. Kg2 Re6 52. Qc4 Rd6 53. Kh3 Rd4 54. Qe2 Rd5 55. g4 hxg4+ 56. fxg4 Re5 57.
Qd3 Re6 58. g5 Be5 59. Qd5 Bd6 60. Kg4 Be7 61. h5 gxh5+ 62. Kxh5 Bd6 63. Qd4+ Kg8 64. Qc4 Be7 65. Qc8+ Kg7 66. Qc3+ Kg8 67. Qc8+ Kg7 68. Qc3+ Kg8 69. Qc8+ 1/2-1/2

[Event "Late-Titled-Tuesday-Blitz-November-28-2023"]
[Site "Chess.com"]
[Date "2023.11.28"]
[Round "11"]
[White "AryanTari"]
[Black "joppie2"]
[Result "1/2-1/2"]
[WhiteElo "2992"]
[BlackElo "3008"]
[TimeControl "180+1"]
[EndTime "16:03:23 PST"]
[Termination "Game drawn - insufficient material"]

1. e4 c6 2. d4 d5 3. exd5 cxd5 4.
Bd3 Nf6 5. c3 Bg4 6. Qb3 Qc7 7.
h3 Bh5 8. Ne2 Bg6 9. Bf4 Qd7 10.
Qc2 Nc6 11. Nd2 Rc8 12. a3 e6 13. O-O Bd6 14. Bxd6 Qxd6 15. Rae1 O-O 16. Bxg6 hxg6 17.
g3 b5 18. Qd3 a5 19. h4 b4 20. axb4 axb4 21. Nf4 bxc3 22. bxc3 Ne7 23. Rb1 Nf5 24.
Rb3 Nxh4 25. Rfb1 Nf5 26. Kg2 g5 27. Ne2 g6 28. Nf3 Ne4 29. Nd2 Nxd2 30. Qxd2 Qe7 31. Rb7 Qf6 32. Rd7 Rfd8 33. Rbb7 Rxd7 34. Rxd7 Kg7 35.
Nc1 Rd8 36. Rxd8 Qxd8 37. Nd3 Nd6 38. Qe3 Ne4 39. Ne5 f6 40. f3 Nd6 41. Nd3 Kf7 42.
Nc5 Qe7 43. Qe1 Nb7 44. Nd3 Qc7 45. Qh1 Kg7 46. Qe1 Qc6 47. Nb4 Qd6 48. Nd3 Kg8 49. Qb1 Qc6 50. Nc5 Nxc5 51. Qxg6+ Kf8 52. Qxf6+ Ke8 53.
dxc5 Qa6 54. Kh3 Kd7 55. Kg4 Qc4+ 56. Qd4 Qe2 57. Kxg5 Qxf3 58. Qf4 Qxc3 59. Qd6+ Kc8 60. Qxe6+ Kc7 61. Qd6+ Kc8 62. c6 Qg7+ 63. Kf5 d4 64. Ke4 d3 65. Qe6+ Kc7 66. Kxd3 Qxg3+ 67. Kc4 Qf4+ 68.
Kd5 Qf3+ 69. Kc5 Qc3+ 70. Kd5 Qb3+ 71. Ke5 Qxe6+ 72. Kxe6 Kxc6 1/2-1/2

[Event "Late-Titled-Tuesday-Blitz-November-28-2023"]
[Site "Chess.com"]
[Date "2023.11.28"]
[Round "11"]
[White "koncheto"]
[Black "Actuary44"]
[Result "1/2-1/2"]
[WhiteElo "2527"]
[BlackElo "2485"]
[TimeControl "180+1"]
[EndTime "16:03:24 PST"]
[Termination "Game drawn by stalemate"]

1. e4 b6 2. d4 Bb7 3. Bd3 e6 4. f4 Nf6 5. Qe2 d5 6. e5 Ne4 7. Nd2 Qh4+ 8. Kf1 Ng3+ 9. hxg3 Qxh1 10. g4 c5 11. c3 Nc6 12. Nf3 Be7 13. Be3 cxd4 14.
cxd4 O-O 15. Kf2 Nb4 16. Rd1 Bh4+ 17. g3 Be7 18. Bb1 Rac8 19. a3 Ba6 20. Qd2 Nc6 21.
Ne2 Qh3 22. g5 Na5 23. Rg1 Qg4 24. Rh1 g6 25. Rh4 Nc4 26. Qe1 Qxh4 27. Nxh4 Nxb2 28. Nf3 Bxa3 29. Qh1 Rc7 30. g4 Rfc8 31. f5 Rc2 32.
Bxc2 Rxc2 33. Ng1 Nd3+ 34. Kf3 exf5 35. gxf5 gxf5 36. Qh3 Ne1+ 37. Kf2 Nd3+ 38. Kg3 Ne1 39. Qxf5 Bxe2 40. e6 fxe6 41. Qxe6+ Kg7 42. Qf6+ Kg8 43. Qd8+ Kg7 44. Qxd5 Bc4 45. Qe5+ Kg8 46. g6 Rg2+ 47. Kh3 Rxg6 48. Ne2 Be6+ 49. Kh2 Be7 50. Qb8+ Kf7 51. Nf4 Rh6+ 52. Kg1 Bf5 53. Qxa7 Rh4 54. Nd5 Rg4+ 55. Kf2 Nd3+ 56. Ke2 Nf4+ 57. Bxf4 Rg2+ 58. Kf3 Be4+ 59. Kxe4 Re2+ 60. Kd3 Kg6 61. Nxe7+ Kh5 62. Kxe2 Kg4 63. Qxb6 Kh3 64. Qc5 Kg2 65. Qe5 Kh1 66. Qg5 h5 67. Kf1 h4 68. Qg3 hxg3 69. Be3 g2+ 70. Ke2 g1=Q 71.
Bxg1 Kxg1 72. d5 Kg2 73. d6 Kg3 74. d7 Kg4 75. d8=Q Kg5 76. Qg8+ Kf6 77. Qg6+ Ke5 78.
Ke3 1/2-1/2

[Event "Late-Titled-Tuesday-Blitz-November-28-2023"]
[Site "Chess.com"]
[Date "2023.11.28"]
[Round "11"]
[White "reevecanada"]
[Black "The_Princess_Moon"]
[Result "1-0"]
[WhiteElo "2615"]
[BlackElo "2391"]
[TimeControl "180+1"]
[EndTime "16:03:25 PST"]
[Termination "reevecanada won by checkmate"]

1. d4 c5 2. c3 cxd4 3. cxd4 d6 4.
Nc3 Nf6 5. e4 g6 6. f3 Bg7 7.
Be3 O-O 8. Qd2 Nc6 9. O-O-O Qa5 10. Kb1 a6 11. g4 b5 12. h4 b4 13. Nce2 h5 14. Ng3 hxg4 15. h5 b3 16. axb3 Qxd2 17. Bxd2 gxf3 18. hxg6 Nxd4 19. Be3 e5 20. Bxd4 exd4 21. Nxf3 Bg4 22. Be2 fxg6 23. Nxd4 Bxe2 24. Ndxe2 Rfe8 25. Nf4 Nxe4 26. Nxe4 Rxe4 27. Nxg6 Re2 28.
Rdf1 Rxb2+ 29. Kc1 Rc8+ 30. Kd1 Rb1+ 31. Kd2 Rxf1 32.
Rxf1 Bh6+ 33. Kd3 Kg7 34. Ne7 Rb8 35. Kc4 Bg5 36. Nf5+ Kg6 37. Nxd6 a5 38. Rg1 Rb4+ 39. Kc3 Kh5 40. Rh1+ Kg4 41. Nc4 Bf6+ 42. Kc2 a4 43. Ne3+ Kf3 44. Nd5 axb3+ 45. Kb1 Ra4 46. Nxf6 b2 47. Kxb2 Rb4+ 48. Kc3 Rf4 49. Nd5 Rf5 50. Kd4 Kg2 51. Re1 Rf2 52. Re8 Rd2+ 53. Kc4 Rc2+ 54. Kd3 Ra2 55. Rg8+ Kf3 56. Rf8+ Kg2 57. Nc3 Ra3 58.
Kd2 Kg3 59. Ne4+ Kg4 60. Ke2 Ra2+ 61. Nd2 Ra3 62. Nc4 Ra2+ 63. Ke3 Rc2 64. Kd3 Ra2 65. Ke4 Ra4 66. Kd4 Kh4 67. Rg8 Kh5 68. Kd3 Kh6 69.
Ne3 Kh7 70. Rg2 Rb4 71. Nf5 Ra4 72. Nd4 Kh6 73. Ke4 Rb4 74. Ke5 Ra4 75. Nf5+ Kh5 76. Nd6 Ra5+ 77. Kf4 Kh6 78. Nf5+ Kh7 79. Rg7+ Kh8 80.
Rd7 Ra4+ 81. Kg5 Ra5 82. Kg6 Ra6+ 83. Nd6 Ra8 84. Rg7 Rd8 85. Nf7# 1-0